[Event "Polish Youth Ekstraliga 2022"]
[Site "Lublin"]
[Date "2022.07.03"]
[Round "9.2"]
[White "Luberanski, Jakub"]
[Black "Backiel, Hubert"]
[Result "0-1"]
[ECO "B90"]
[WhiteElo "2241"]
[BlackElo "2045"]
[Annotator "TA"]
[PlyCount "138"]
[EventDate "2022.06.24"]
[EventType "team-tourn"]
[EventCountry "POL"]
[SourceTitle "playchess.com"]
[Source "ChessBase"]
[SourceQuality "1"]
[TimeControl "40/5400+30:1800+30"]

1. e4 c5 2. Nf3 d6 3. d4 cxd4 4. Nxd4 Nf6 5. Nc3 a6 6. h3 e6 7. g4 Be7 {[%emt 0:01:21] B81: Sicilian Scheveningen: Keres Attack.} 8. g5 Nfd7 9. Be3 Nc6 {[%emt 0:06:12] White is slightly better.} (9... Bxg5 10. Nxe6 $1 fxe6 11. Qh5+ g6 12. Qxg5 $16) 10. h4 O-O 11. Be2 Nxd4 12. Qxd4 b5 13. a3 {[%emt 0:11:38] [#]} (13. O-O-O $14) 13... Bb7 $146 ({Predecessor:} 13... Ne5 14. O-O-O Qa5 15. Qb6 Qxb6 16. Bxb6 f6 17. f4 Ng6 18. Bc7 Nxf4 19. Bxd6 Nxe2+ 20. Nxe2 {0-1 (50) Petrarca,G-Bruno,E (1823) Buenos Aires 1992}) 14. Rg1 Nc5 15. f3 Rc8 16. O-O-O Qc7 17. Qd2 $1 d5 18. exd5 Rfd8 19. Kb1 exd5 {[%emt 0:13:40][%cal Od5d4] ...d4! is the strong threat.} 20. Bf4 Qb6 21. Qe3 Qe6 22. Qxe6 Nxe6 23. Be5 Bc5 24. Rgf1 Bd6 25. Bxd6 Rxd6 26. f4 d4 27. f5 (27. Bf3 $5 Rcd8 28. Bxb7 dxc3 29. Rxd6 Rxd6 30. b4 $14) 27... Nc5 28. Bf3 Bxf3 29. Rxf3 Kf8 (29... Re8 $11) 30. b4 $1 $36 {[%emt 0:03:21][%mdl 2048] White is in control.} Nb7 31. Ne2 Re8 32. Nxd4 Re4 {[%emt 0:00:00][%csl LRd4,LRh4] Inhibits Rf4.} 33. Rfd3 Rxh4 {[%emt 0:02:06] [#]} 34. a4 ({White should try} 34. Nxb5 $1 $14 Rxd3 35. Rxd3) 34... Ke7 $2 (34... Rg4 $1 $11 {and Black stays safe.}) 35. f6+ $18 Kf8 36. axb5 gxf6 37. bxa6 (37. c4 $1 $18 axb5 38. c5) 37... Rxa6 $16 38. c3 (38. b5 $16 Rd6 39. gxf6) 38... fxg5 $11 39. Nf5 {[%emt 0:00:11] Intending Rd8+ and mate.} Re4 40. Rd7 Rb6 41. Rf1 Re2 42. Rh1 Rf6 (42... Rf2 $5 43. Ne3 Nc5 44. Rd8+ Kg7 $15) 43. Nd4 Re7 44. Rd5 h6 45. Nf5 {[%emt 0:01:29] Against Nd6} Ree6 46. Kc2 Nd6 47. Nd4 Re3 48. Ra1 Kg8 (48... g4 $15 49. Ra6 Ne8 50. Rxf6 Nxf6 51. Rd8+ Re8 52. Rxe8+ (52. Rd6 $2 g3 $19) 52... Kxe8) 49. Ra6 $1 Rf2+ 50. Kb3 Ne4 51. Rc6 Nd2+ (51... g4 $5 52. Nf5 Rxf5 $1 53. Rxf5 g3 54. Rc8+ Kg7 $11) 52. Ka4 Ne4 53. Kb3 Nd2+ 54. Ka4 Nb1 55. Rdc5 Rd3 {[%emt 0:00:42] aiming for ...g4.} 56. Nb5 (56. Nf5 $1 $11 {remains equal.}) 56... Kg7 {[%emt 0:00:56] Black is more active.} (56... Kh7 $1 $17 {White must now prevent ...g4.} 57. Nd6 Rf6) 57. Nd6 $1 $15 Rdf3 (57... Ra2+ 58. Kb3 Rh2 59. Nf5+ Kh7 60. b5 $14) (57... g4 $1 $15 58. Nf5+ Rxf5 $1 59. Rxf5 Nxc3+ 60. Ka5 (60. Kb3 $2 Ne2+ 61. Ka2 Nd4 $19) 60... g3) 58. b5 $11 {[%emt 0:00:46] Strongly threatening b6.} g4 59. b6 {[%emt 0:01:44] And now b7 would win.} g3 60. b7 g2 61. Ne8+ $2 (61. b8=Q $1 $11 {and White is okay.} g1=Q 62. Ne8+ (62. Ne4 Nxc3+ 63. Rxc3 Ra2+ 64. Kb4 Qb1+ 65. Kc5 Qxb8 66. Rxf3 Qe5+ 67. Kb4 Qxe4+ 68. Rc4 Qxf3 69. Rd4 Rb2+ 70. Kc5 Qc3+ 71. Rc4 Qe5+ 72. Kc6 Qb5+ 73. Kd6 Qxc4 74. Ke5 Rd2 75. Kf5 Rd5#) 62... Kh7 63. Rxh6+ (63. Qe5 $2 Nxc3+ 64. Ka5 Ra2+ 65. Kb6 Qb1+ 66. Rb5 Qxb5+ 67. Qxb5 Nxb5 $19) 63... Kxh6 64. Qd6+ Kh7 65. Rh5+ Kg8 66. Nf6+ Kg7 67. Ne8+ Kg8 68. Nf6+ Kg7 69. Ne8+ Kg8) 61... Kh7 $1 $19 62. b8=Q {[%emt 0:05:00][%cal Oc6h6] [#] White wants to mate with Rxh6+!} g1=Q $2 ({Black should play} 62... Nxc3+ $1 $19 63. Rxc3 g1=Q) 63. Qd6 $4 {[%emt 0:01:31][%mdl 8192] [#]} ({Avoid the trap} 63. Qe5 $2 {[#]} Nxc3+ $1 64. Ka5 (64. Rxc3 $2 Ra2+ 65. Kb5 Qb1+ 66. Kc4 Ra4+ 67. Kd5 Rd3+ 68. Rxd3 Qxd3+ 69. Kc5 Ra5+ 70. Kb6 Rxe5 $19) 64... Ra2+ 65. Kb6 Qb1+ 66. Rb5 Qxb5+ 67. Qxb5 Nxb5 $19) (63. Rxh6+ $11 Kxh6 64. Qd6+ Kh7 65. Rh5+ Kg8 66. Nf6+ Kg7 67. Ne8+ Kg8 68. Nf6+ Kg7 69. Ne8+ Kg8) 63... Nxc3+ $1 64. Rxc3 (64. Ka5 Ra2+) 64... Ra2+ 65. Kb5 Qb1+ 66. Kc4 Ra4+ {[%emt 0:00:29] Black mates.} 67. Kd5 Qe4+ 68. Kc5 Qb4+ 69. Kd5 Qd4# {[%emt 0:00:42] Quite a comeback for Black.  Weighted Error Value: White=0.16 (very precise) /Black=0.18 (very precise)} 0-1

[Event "Polish Youth Ekstraliga 2022"]
[Site "Lublin"]
[Date "2022.07.03"]
[Round "9.3"]
[White "Ptaszynski, Szymon"]
[Black "Jaworski, Tymon"]
[Result "1-0"]
[ECO "C54"]
[WhiteElo "1781"]
[BlackElo "1628"]
[Annotator "NA RC"]
[PlyCount "83"]
[EventDate "2022.06.24"]
[EventType "team-tourn"]
[EventCountry "POL"]
[SourceTitle "playchess.com"]
[Source "ChessBase"]
[SourceQuality "1"]
[TimeControl "40/5400+30:1800+30"]

1. e4 e5 2. Nf3 Nc6 3. Bc4 Bc5 4. c3 Nf6 5. d4 exd4 6. e5 d5 7. Bb5 Ne4 8. cxd4 Bb6 9. Nc3 O-O 10. Be3 f6 11. exf6 Nxf6 12. Bxc6 bxc6 13. Ne5 Qd6 14. O-O Ba6 15. Re1 Rae8 16. Rc1 Nd7 17. Nxd7 Qxd7 18. Qa4 Bb5 19. Qc2 a5 20. a4 Ba6 21. Ne2 Rf6 22. Ng3 Rfe6 23. Qd2 Qe7 24. Red1 Bc4 25. Rc3 c5 26. dxc5 Bxc5 27. Nf5 Qf8 28. Bxc5 Qxc5 29. Ne3 Qb4 30. h3 c6 31. Qc2 Be2 32. Qxe2 d4 33. Rc4 Qxc4 34. Qxc4 dxe3 35. fxe3 Kh8 36. Rd7 Rxe3 37. Qxc6 h6 38. Qg6 Rg8 39. Rxg7 Re1+ 40. Kf2 Rxg7 41. Qxh6+ Rh7 42. Qf8# 1-0

[Event "Polish Youth Ekstraliga 2022"]
[Site "Lublin"]
[Date "2022.07.03"]
[Round "9.4"]
[White "Ochedzan, Filip"]
[Black "Rekuc, Patryk"]
[Result "0-1"]
[ECO "B94"]
[WhiteElo "1873"]
[BlackElo "1842"]
[Annotator "NA RC"]
[PlyCount "64"]
[EventDate "2022.06.24"]
[EventType "team-tourn"]
[EventCountry "POL"]
[SourceTitle "playchess.com"]
[Source "ChessBase"]
[SourceQuality "1"]
[TimeControl "40/5400+30:1800+30"]

1. e4 c5 2. Nf3 d6 3. d4 cxd4 4. Nxd4 Nf6 5. Nc3 a6 6. Bg5 Nbd7 7. f4 Qc7 8. Qf3 b5 9. O-O-O Bb7 10. Bd3 g6 11. Bxf6 Nxf6 12. g4 Bg7 13. Nce2 Nd7 14. g5 Qb6 15. Nb3 a5 16. Rhf1 a4 17. Nd2 b4 18. Nc4 Qc7 19. Kb1 O-O 20. Rd2 e6 21. b3 Nc5 22. h4 axb3 23. cxb3 d5 24. exd5 exd5 25. Nb2 Qa5 26. Na4 Nxa4 27. bxa4 b3 28. axb3 Qxd2 29. Bc2 Ba6 30. Rf2 Rac8 31. Nc1 Qd4 32. Ne2 Qb2# 0-1

[Event "Polish Youth Ekstraliga 2022"]
[Site "Lublin"]
[Date "2022.07.03"]
[Round "9.5"]
[White "Marcinczyk, Monika"]
[Black "Lochina, Justyna"]
[Result "1/2-1/2"]
[ECO "B45"]
[WhiteElo "1991"]
[BlackElo "1672"]
[Annotator "RC"]
[PlyCount "131"]
[EventDate "2022.06.24"]
[EventType "team-tourn"]
[EventCountry "POL"]
[SourceTitle "playchess.com"]
[Source "ChessBase"]
[SourceQuality "1"]
[TimeControl "40/5400+30:1800+30"]

1. e4 c5 2. Nf3 e6 3. d4 cxd4 4. Nxd4 Nc6 5. Nc3 d6 6. g4 Nge7 7. Be3 a6 8. Nb3 Qc7 9. Qe2 Na5 10. O-O-O Nec6 11. Kb1 b5 12. f4 Nc4 13. Bc1 N6a5 14. e5 Bb7 15. Bg2 O-O-O 16. Bxb7+ Kxb7 17. Nd4 d5 18. f5 Bc5 19. fxe6 Bxd4 20. e7 Qxe7 21. Rxd4 Qxe5 22. Qf2 Rhe8 23. Rhd1 Nc6 24. Rxd5 Rxd5 25. Qxf7+ Re7 26. Qxd5 Qxd5 27. Rxd5 N6e5 28. h3 Kc6 29. a3 Nf3 30. b3 Nb6 31. Rf5 Nd4 32. Rf4 Ne6 33. Re4 Nd5 34. Ne2 Kd7 35. Kb2 Nc5 36. Rd4 Rxe2 37. Rxd5+ Kc6 38. Rd8 Rh2 39. Rd6+ Kxd6 40. Bf4+ Kd5 41. Bxh2 g5 42. Kc3 Ne4+ 43. Kd3 Nf2+ 44. Ke3 Nxh3 45. c3 a5 46. Bg3 a4 47. c4+ bxc4 48. bxa4 Nf4 49. Kd2 Ne6 50. a5 Nc5 51. Bc7 Ne4+ 52. Kc2 Kc6 53. Bd8 Kb7 54. Be7 Ka6 55. Bb4 Nf2 56. Kc3 Nxg4 57. Kxc4 Ne5+ 58. Kd5 Nd3 59. Bd2 g4 60. Ke4 Nc5+ 61. Kf4 h5 62. Bb4 Nd3+ 63. Kg3 Ne5 64. Kh4 Nc4 65. Be1 Nxa5 66. Kxh5 1/2-1/2

[Event "Polish Youth Ekstraliga 2022"]
[Site "Lublin"]
[Date "2022.07.03"]
[Round "9.6"]
[White "Smietanska, Wiktoria"]
[Black "Szczotka, Klara"]
[Result "1/2-1/2"]
[ECO "B10"]
[WhiteElo "1879"]
[BlackElo "1863"]
[Annotator "NA RC"]
[PlyCount "117"]
[EventDate "2022.06.24"]
[EventType "team-tourn"]
[EventCountry "POL"]
[SourceTitle "playchess.com"]
[Source "ChessBase"]
[SourceQuality "1"]
[TimeControl "40/5400+30:1800+30"]

1. e4 c6 2. Nf3 d5 3. exd5 cxd5 4. Ne5 Nf6 5. d4 g6 6. Bb5+ Nbd7 7. O-O Bg7 8. c3 O-O 9. Nf3 Ne4 10. Bd3 Qc7 11. Re1 Ndf6 12. Nbd2 Nxd2 13. Bxd2 Bg4 14. h3 Bf5 15. Bxf5 gxf5 16. Ne5 e6 17. Bf4 Qe7 18. Qd2 Ne4 19. Qe3 f6 20. Nd3 e5 $16 {[%emt 0:02:13] [#]} 21. Bh2 $1 f4 22. Qe2 Rae8 23. f3 Ng3 24. Qf2 Nh5 25. Nxf4 Nxf4 26. Bxf4 Qf7 27. Be3 b6 28. a4 e4 29. Qg3 f5 30. fxe4 f4 31. Bxf4 Qxf4 32. Qxf4 Rxf4 33. exd5 Rd8 34. a5 b5 35. a6 Rxd5 36. Re7 Rf7 37. Re8+ Bf8 38. Ra5 Rfd7 39. Rb8 Kf7 40. Raxb5 Rxb5 41. Rxb5 Ke6 42. Rb8 Bd6 43. Rc8 Bg3 44. Rg8 Bf4 45. Kf2 Bc1 46. Rb8 h6 47. Ke2 Rd6 48. Kd3 Rxa6 49. h4 Bf4 50. Rg8 Kf7 51. Rg4 Rf6 52. g3 Bc1 53. Kc2 Be3 54. Kd3 Bc1 55. Kc2 Be3 56. Kd3 Bc1 57. Kc2 Be3 58. Kd3 Bc1 59. Ke4 1/2-1/2

[Event "Polish Youth Ekstraliga 2022"]
[Site "Lublin"]
[Date "2022.07.03"]
[Round "9.7"]
[White "Czernek, Tymon"]
[Black "Dzida, Kamil"]
[Result "0-1"]
[ECO "B90"]
[WhiteElo "2199"]
[BlackElo "2294"]
[Annotator "TA"]
[PlyCount "106"]
[EventDate "2022.06.24"]
[EventType "team-tourn"]
[EventCountry "POL"]
[SourceTitle "playchess.com"]
[Source "ChessBase"]
[SourceQuality "1"]
[TimeControl "40/5400+30:1800+30"]

1. e4 c5 2. Nf3 d6 3. d4 cxd4 4. Nxd4 Nf6 5. Nc3 a6 6. Bc4 e6 7. O-O Nbd7 $2 {[%emt 0:00:06] [#]} (7... b5 $11 8. Bb3 Nbd7) 8. Bxe6 $1 $16 {[%emt 0:00:05][%mdl 512] B86: Sicilian Scheveningen/Najdorf: 6 Bc4, without early ...b5.} fxe6 (8... Be7 9. Bb3) 9. Nxe6 Qa5 10. Nd5 {[%emt 0:00:07] White is clearly better.} Nxd5 11. exd5 {[%emt 0:00:02] [#]} b5 $146 (11... Nf6 $2 12. Bd2 Qa4 13. Nc7+ Kf7 14. Nxa8 $18) (11... Kf7) ({Predecessor:} 11... Nf6 12. b4 Qxb4 13. Nc7+ Kf7 14. Nxa8 Bg4 15. Qd3 Be7 16. Nc7 Qc5 17. Ne6 Qxd5 {1-0 (50) Karacsonyi,G (2333)-Dordzhieva,D (2325) Chess.com INT 2022}) 12. Bd2 (12. Re1 $142 {Threatens to win with Bd2.} Kf7 13. Qf3+ Nf6 14. Bg5) 12... Qb6 (12... b4 {is a better defense.}) 13. Qe1 $2 ({White should play} 13. Bc3 $18) 13... Ne5 $11 14. Ba5 Qa7 15. Nc7+ Kf7 16. Nxa8 Qxa8 17. Qe4 Be7 18. Rfe1 (18. Bc3 $14) 18... Bf6 {[%emt 0:02:58][%mdl 1024] Black has compensation.} 19. h3 g6 $132 {[%emt 0:03:19][%mdl 2048] Black is fighting back} 20. Bc3 {[%emt 0:01:04] f4 is the strong threat.} Bf5 21. Qb4 Qb8 (21... Qxd5 $2 22. Rad1 a5 23. Qxd6 (23. Rxd5 axb4 24. Bxb4 Rd8 $14) 23... Qxd6 24. Rxd6 $18) 22. f4 (22. a4 $1 $14 Rd8 23. Re2) 22... Qb6+ $1 $15 23. Kh1 Nd7 (23... a5 $1 $15 {deserves consideration.} 24. Qd4 (24. Qxa5 Qxa5 25. Bxa5 Nc4 $15) 24... Qxd4 25. Bxd4 Nd7 26. Bxf6 Nxf6) 24. Re6 Rc8 (24... Bxe6 $2 25. dxe6+ Kxe6 26. Re1+ Kf7 27. Qb3+ (27. Qe4 Qd8 $14) 27... Kg7 28. Re7+ Kh6 29. Rxd7 $18) 25. Rae1 a5 26. Qa3 {[%emt 0:02:21] [#]} (26. Qxd6 $11 {remains equal.} Qxd6 27. Rxd6 Bxc3 28. bxc3 Rxc3 29. Rc6) 26... b4 {[%emt 0:07:30] Really sharp!} ({Black should try} 26... Bh4 $1 $17 27. Bxa5 (27. Rxd6 $2 b4 $19) 27... b4 28. Qxb4 (28. Bxb6 $2 {perishes.} bxa3 29. Bd4 Bxe1 $19) (28. Qa4 $2 Nc5 $19) 28... Qxb4 29. Bxb4 Bxe1 30. Rxe1 Rxc2 31. Bxd6 Nf6 32. Re7+ Kg8) 27. Qa4 $11 Qc7 28. Bxf6 Nxf6 29. R6e2 (29. Re7+ $1 $11 {keeps the balance.} Qxe7 30. Rxe7+ Kxe7 31. Qxa5) 29... Nxd5 $17 30. Qb3 Qc4 31. Qf3 Nf6 {[%emt 0:02:07] Black is more active.} (31... Qd4 $17 32. g4 Bd7) 32. Qb7+ $1 $11 ({Much worse is} 32. Qe3 Rc7 33. Qb6 Qc5 34. Qxc5 Rxc5 $17) 32... Kg8 33. Qe7 $2 {[%emt 0:00:11] [#] Black converts the advantage convincingly.} (33. Re7 $1 $11 {and White stays safe.}) 33... Re8 $1 $19 34. Qxf6 (34. Qxe8+ Nxe8 35. Rxe8+ Kg7 36. g4 Bxg4 37. hxg4 Qxf4 38. R8e4 Qf3+ 39. Kg1) 34... Rxe2 35. Rxe2 Qxe2 36. Qxd6 Qxc2 37. Qd5+ Kg7 38. Qxa5 $2 (38. Qd4+ Kh6 39. Qe5) 38... Qc1+ 39. Kh2 Qxf4+ 40. Kg1 Qc1+ 41. Kh2 Qxb2 42. Qc7+ Kf6 43. Qd6+ Kf7 44. Qc7+ Ke6 45. Qxh7 Qe5+ 46. Kh1 Qd4 {[%emt 0:00:28] White must now prevent ...Kd5.} 47. Qg8+ Ke5 {[%emt 0:00:08] Strongly threatening ...Qd2.} 48. Kh2 Ke4 49. Qb3 Qe5+ 50. Kh1 Qc3 51. Qg8 Ke3 {[%emt 0:00:28] ( -> ...Qe1+)} 52. Qf7 Kf2 53. Qa7+ Qe3 {[%emt 0:00:05] Weighted Error Value: White=0.64/Black=0.28 (precise)} 0-1

[Event "Polish Youth Ekstraliga 2022"]
[Site "Lublin"]
[Date "2022.07.03"]
[Round "9.8"]
[White "Koziorowicz, Michal"]
[Black "Chyzy, Jakub"]
[Result "1-0"]
[ECO "C47"]
[WhiteElo "2231"]
[BlackElo "2191"]
[Annotator "TA"]
[PlyCount "55"]
[EventDate "2022.06.24"]
[EventType "team-tourn"]
[EventCountry "POL"]
[SourceTitle "playchess.com"]
[Source "ChessBase"]
[SourceQuality "1"]
[TimeControl "40/5400+30:1800+30"]

1. e4 e5 2. Nf3 Nc6 3. Nc3 Nf6 4. d4 Bb4 5. d5 Ne7 6. Nxe5 d6 7. Nf3 {[%emt 0:09:29] C47: Scotch Four Knights and Four Knights with 4 g3.} Nxe4 8. Qd4 Nxc3 9. bxc3 {[%emt 0:06:28] The position is equal.} Ba5 {[%emt 0:00:08] [#]} 10. Bd2 $146 ({Predecessor:} 10. Qa4+ c6 11. dxc6 O-O 12. Bd2 Nd5 13. O-O-O Nxc3 14. Bxc3 Bxc3 15. Qb3 Qa5 16. Rd5 {0-1 (30) Oltean,G (2077)-Sycz,D (2122) Amsterdam 2015}) 10... O-O $1 11. Bd3 Nf5 (11... c6 $15) 12. Qf4 $36 {[%emt 0:00:25][%mdl 2048] White fights for an advantage. Active counter play!} Re8+ 13. Kf1 g6 (13... Nh6 $11) 14. g4 $16 Ng7 15. Ng5 (15. Rg1 $16) 15... f5 {[%emt 0:02:30] [#]} (15... Re7 $1 $11 {remains equal.}) 16. h4 $1 {[%emt 0:07:06][%cal Og5h7] Black must now prevent Nxh7!} Rf8 $2 {[%emt 0:17:06][%mdl 8192] This move loses the game for Black.} (16... h5 $16) 17. Nxh7 $1 $18 {[%emt 0:02:01] Threatens to win with Qh6.} Kxh7 (17... fxg4 $142 18. Qh6 g3) 18. Qh6+ Kg8 {[%emt 0:00:05] aiming for ...Qf6.} 19. h5 ({Worse is} 19. Qxg6 Rf6 20. Qg5 Qf8 $17) 19... gxh5 20. g5 {[%emt 0:02:49][%cal Bg4g5,Bg5g6][%mdl 32] g6 would kill now.} Qd7 21. Re1 {[%emt 0:01:41] White threatens g6 and mate.} Re8 22. Rxe8+ {[%emt 0:01:03] White mates.} (22. g6 Rxe1+ 23. Kg2 {[#]} Ne6 $1 24. dxe6 Rxe6 25. Qxh5 Qg7 $11) 22... Qxe8 23. g6 Be6 24. Rxh5 Kf8 25. Rxf5+ Bxf5 26. Qh8+ {[%emt 0:00:30][%mdl 64] Deflection} Ke7 27. Qxg7+ Kd8 28. Bxf5 {[%emt 0:00:12] Weighted Error Value: White=0.09 (flawless) /Black=0.73} 1-0

[Event "Polish Youth Ekstraliga 2022"]
[Site "Lublin"]
[Date "2022.07.03"]
[Round "9.9"]
[White "Sowinski, Pawel"]
[Black "Raczek, Krzysztof"]
[Result "1-0"]
[ECO "E62"]
[WhiteElo "2060"]
[BlackElo "2114"]
[Annotator "RC"]
[PlyCount "117"]
[EventDate "2022.06.24"]
[EventType "team-tourn"]
[EventCountry "POL"]
[SourceTitle "playchess.com"]
[Source "ChessBase"]
[SourceQuality "1"]
[TimeControl "40/5400+30:1800+30"]

1. d4 Nf6 2. c4 g6 3. Nc3 Bg7 4. g3 O-O 5. Bg2 d6 6. Nf3 Nc6 7. h3 Bd7 8. O-O Na5 9. Qd3 c5 10. b3 Nc6 11. Bb2 Qc8 12. dxc5 dxc5 13. Qe3 Nb4 14. Rac1 Bxh3 15. a3 Bxg2 16. Kxg2 Na6 17. Qxe7 Qc6 18. Rfd1 Qb6 19. Nb5 Rae8 20. Qd6 Rxe2 21. Bxf6 Bxf6 22. Qf4 Rd8 23. g4 Re6 24. Rh1 Qc6 25. Nxa7 Qe4 26. Qg3 h5 27. gxh5 Be5 28. Qh4 Bf6 29. Qxe4 Rxe4 30. Rcd1 Rxd1 31. Rxd1 gxh5 32. Nb5 Nb8 33. Rd5 Rg4+ 34. Kh3 Rf4 35. Kg3 Rg4+ 36. Kh3 Rf4 37. Kg2 Rg4+ 38. Kf1 h4 39. Rxc5 Nc6 40. Rf5 Kg7 41. Nh2 Re4 42. Nd6 Re6 43. Nxb7 Nd4 44. Rd5 Nxb3 45. Ng4 Be7 46. c5 Ra6 47. Nd6 Rxa3 48. Nf5+ Kf8 49. c6 Ke8 50. Re5 Ra7 51. Nxe7 Nd2+ 52. Kg2 Nc4 53. Nd5+ Nxe5 54. Nxe5 Kd8 55. c7+ Kc8 56. Nc6 h3+ 57. Kxh3 Ra3+ 58. Kg2 Rd3 59. Nce7+ 1-0

[Event "Polish Youth Ekstraliga 2022"]
[Site "Lublin"]
[Date "2022.07.03"]
[Round "9.10"]
[White "Grzebieniowski, Michal"]
[Black "Golis, Wiktor"]
[Result "0-1"]
[ECO "E10"]
[WhiteElo "1635"]
[BlackElo "1653"]
[Annotator "NA RC"]
[PlyCount "64"]
[EventDate "2022.06.24"]
[EventType "team-tourn"]
[EventCountry "POL"]
[SourceTitle "playchess.com"]
[Source "ChessBase"]
[SourceQuality "1"]
[TimeControl "40/5400+30:1800+30"]

1. d4 Nf6 2. c4 e6 3. Nf3 c5 4. d5 b5 5. dxe6 fxe6 6. cxb5 d5 7. e3 Bd6 8. Be2 Nbd7 9. O-O O-O 10. b3 Bb7 11. Bb2 Qe7 12. Qc2 e5 13. Nbd2 e4 14. Ne1 Ne5 15. Rc1 Nfg4 16. g3 Qg5 17. Ng2 Nf3+ 18. Bxf3 exf3 19. Ne1 d4 20. e4 Rae8 21. Nexf3 Qh5 22. Rfe1 Nxh2 23. Nh4 Ng4 24. Re2 Ne5 25. Qd1 Bc8 26. Re1 Bg4 27. Qc2 g5 28. Ng2 Nf3+ 29. Nxf3 Bxf3 30. Qc4+ Rf7 31. Qf1 Re6 32. e5 Rh6 0-1

[Event "Polish Youth Ekstraliga 2022"]
[Site "Lublin"]
[Date "2022.07.03"]
[Round "9.11"]
[White "Wikar, Martyna"]
[Black "Siekanska, Maria"]
[Result "1-0"]
[ECO "A04"]
[WhiteElo "2197"]
[BlackElo "1964"]
[Annotator "RC"]
[PlyCount "83"]
[EventDate "2022.06.24"]
[EventType "team-tourn"]
[EventCountry "POL"]
[SourceTitle "playchess.com"]
[Source "ChessBase"]
[SourceQuality "1"]
[TimeControl "40/5400+30:1800+30"]

1. Nf3 c5 2. g3 g6 3. Bg2 Bg7 4. O-O d5 5. c4 e6 6. cxd5 Qxd5 7. d3 Nc6 8. Nc3 Qd7 9. Be3 Bd4 10. Qd2 f5 11. Nb5 a6 12. Nbxd4 cxd4 13. Bf4 Nge7 14. Ne5 Nxe5 15. Bxe5 O-O 16. Rac1 Nc6 17. Bxc6 bxc6 18. Qf4 Qd5 19. Bxd4 Re8 20. Qe5 Qxe5 21. Bxe5 Bb7 22. Rc3 Re7 23. f4 Rf7 24. Kf2 Rd8 25. Ke3 Rd5 26. a4 g5 27. Rfc1 g4 28. Rb3 Re7 29. h3 gxh3 30. Rh1 Rdd7 31. Rxh3 Kf8 32. Rh6 Kg8 33. Rb6 Kf8 34. Bf6 Re8 35. Bd4 Rf7 36. Rh5 Rd8 37. g4 Rd5 38. g5 Rfd7 39. Be5 a5 40. g6 hxg6 41. Rh8+ Kf7 42. Rxb7 1-0

[Event "Polish Youth Ekstraliga 2022"]
[Site "Lublin"]
[Date "2022.07.03"]
[Round "9.12"]
[White "Ziobrowska, Maja"]
[Black "Natoli, Alessia"]
[Result "0-1"]
[ECO "B10"]
[WhiteElo "1609"]
[BlackElo "1680"]
[Annotator "NA RC"]
[PlyCount "120"]
[EventDate "2022.06.24"]
[EventType "team-tourn"]
[EventCountry "POL"]
[SourceTitle "playchess.com"]
[Source "ChessBase"]
[SourceQuality "1"]
[TimeControl "40/5400+30:1800+30"]

1. e4 c6 2. Nf3 d5 3. Nc3 dxe4 4. Nxe4 Nd7 5. Bc4 e6 6. O-O Ngf6 7. Nxf6+ Nxf6 8. d4 Be7 9. Ne5 O-O 10. c3 Qc7 11. Bf4 Bd6 12. Re1 Nd5 13. Bg3 b6 14. Bd3 c5 15. Be4 c4 16. Qa4 b5 17. Qxb5 Rb8 18. Qxc4 Bxe5 19. Bxd5 exd5 20. Qxc7 Bxc7 21. Bxc7 Rxb2 22. Bd6 Rd8 23. Re7 a6 24. Ba3 Rb6 25. Kf1 Re6 26. Rc7 Bd7 27. g3 Bb5+ 28. Kg2 Rde8 29. Bb4 h6 30. a4 Bc4 31. Rd1 Re2 32. Ra1 R8e3 33. Kg1 Rd3 34. Re7 Rc2 35. Re3 Rdd2 36. Rf3 Be2 37. Rf4 g5 38. Rf6 Kg7 39. Be7 g4 40. Rf4 Rxc3 41. Bb4 Rcd3 42. Bxd2 Rxd2 43. Re1 Bf3 44. Ra1 Kg6 45. Kf1 f5 46. h4 Be4 47. Ke1 Rxd4 48. Rd1 Rxd1+ 49. Kxd1 h5 50. Kd2 Kf6 51. Ke3 Ke5 52. Kd2 Kd4 53. f3 gxf3 54. g4 Ke5 55. gxh5 Kxf4 56. h6 f2 57. h7 f1=Q 58. h8=Q Qd3+ 59. Ke1 Ke3 60. Qb2 Qb1+ 0-1

[Event "Polish Youth Ekstraliga 2022"]
[Site "Lublin"]
[Date "2022.07.03"]
[Round "9.13"]
[White "Ciborowski, Konrad Jr"]
[Black "Janeczko, Jakub"]
[Result "1/2-1/2"]
[ECO "B30"]
[WhiteElo "1927"]
[BlackElo "2087"]
[Annotator "NA RC"]
[PlyCount "109"]
[EventDate "2022.06.24"]
[EventType "team-tourn"]
[EventCountry "POL"]
[SourceTitle "playchess.com"]
[Source "ChessBase"]
[SourceQuality "1"]
[TimeControl "40/5400+30:1800+30"]

1. e4 c5 2. Nf3 Nc6 3. Bb5 a6 4. Bxc6 dxc6 5. h3 Qc7 6. d4 cxd4 7. Qxd4 Nf6 8. O-O c5 9. Qd3 e5 10. b3 Be6 11. c4 h6 12. Nc3 Nd7 13. Bb2 $16 g5 14. Nd5 Qd6 15. Rad1 Bxd5 16. exd5 Bg7 17. Rfe1 O-O 18. Qf5 Rae8 19. Nd2 Rd8 20. Ne4 Qg6 21. Qxg6 fxg6 22. a4 a5 23. Nd6 b6 24. Nb5 Rc8 25. Na7 Rce8 26. Nc6 e4 27. Bxg7 Kxg7 28. Re2 Nf6 29. d6 Rf7 30. f3 Rd7 31. fxe4 Nxe4 32. Rde1 Rxd6 33. Na7 Rd3 34. Rxe4 Rxe4 35. Rxe4 Rxb3 36. Nc8 Rb4 37. Kf2 Kf6 38. Re2 g4 39. hxg4 Kg5 40. Re6 Rxa4 41. Nxb6 Rb4 42. Nd7 a4 43. Nxc5 Rxc4 44. Ne4+ Kxg4 45. Rxg6+ Kf5 46. Nd6+ Kxg6 47. Nxc4 Kf5 48. Kg3 Ke4 49. Kg4 Kd4 50. Na3 Kc3 51. Kh5 Kb3 52. Nb5 Kb4 53. Nd4 Kc3 54. Nb5+ Kb4 55. Nd4 1/2-1/2

[Event "Polish Youth Ekstraliga 2022"]
[Site "Lublin"]
[Date "2022.07.03"]
[Round "9.14"]
[White "Dalkowski, Rafal"]
[Black "Wydmanski, Szymon"]
[Result "1/2-1/2"]
[ECO "E73"]
[WhiteElo "2028"]
[BlackElo "1815"]
[Annotator "NA RC"]
[PlyCount "87"]
[EventDate "2022.06.24"]
[EventType "team-tourn"]
[EventCountry "POL"]
[SourceTitle "playchess.com"]
[Source "ChessBase"]
[SourceQuality "1"]
[TimeControl "40/5400+30:1800+30"]

1. d4 Nf6 2. c4 g6 3. Nc3 Bg7 4. e4 d6 5. Be2 O-O 6. Bg5 c5 7. d5 h6 8. Be3 e6 9. Nf3 exd5 10. cxd5 Bg4 11. Nd2 Bxe2 12. Qxe2 Re8 13. O-O Nbd7 14. h3 Kh7 15. a4 Rc8 16. Qd3 Ne5 17. Qc2 a6 18. f4 Ned7 19. Rae1 (19. a5 $16) 19... c4 20. Nf3 Nc5 21. Bxc5 $11 Rxc5 22. Qf2 Qc7 23. e5 dxe5 24. d6 Qxd6 25. fxe5 Rcxe5 26. Nxe5 Rxe5 27. Rxe5 Qxe5 28. Re1 Qc7 29. Kh1 Nh5 30. a5 Ng3+ 31. Kg1 Nf5 32. Rd1 Be5 33. g4 Nd6 34. Rd5 Qe7 35. Rd1 Qg5 36. Qf3 h5 37. Kg2 Nf5 38. Kg1 hxg4 39. hxg4 Bd4+ 40. Rxd4 Nxd4 41. Qxf7+ Kh6 42. Qf8+ Kh7 43. Qf7+ Kh6 44. Qf8+ 1/2-1/2